 Seeded DCSS version 0.30-a0-719-gcc4359ea44 (webtiles) character file.

Game seed: 5430720872467839093 (custom seed)

272 OTABOTABOTAB the Caller (level 6, 39/39 HPs)
             Began as an Octopode Summoner on Jan 26, 2023.
             Quit the game on level 3 of the Dungeon.
             The game lasted 00:05:46 (3127 turns).

OTABOTABOTAB the Caller (Octopode Summoner)         Turns: 3127, Time: 00:05:47

Health: 39/39      AC:  1    Str: 16    XL:     6   Next: 23%
Magic:  11/11      EV: 14    Int: 24    God:
Gold:   2635       SH:  0    Dex: 18    Spells: 3/12 levels left

rFire   . . .      SeeInvis +    a - +3 short sword of the Manifold Quests {flame, rElec Int+5}
rCold   + . .      Faith    .    (no shield)
rNeg    . . .      Spirit   .    (helmet restricted)
rPois   .          Reflect  .    (no amulet)
rElec   +          Harm     .    b - +6 ring of strength
rCorr   .          Rampage  .    C - ring of protection from cold {rC+, !d}
Will    .....                    z - ring of Xom's Wantonness {Str+2 Dex+6 SInv}
Stlth   +++                      (no ring)
HPRegen 0.26/turn                (no ring)
MPRegen 0.12/turn                (no ring)
                                 (no ring)
                                 (no ring)

@: no status effects
A: almost no armour, amphibious, 8 rings, camouflage 1, gelatinous body 1,
(nimble swimmer 1), tentacles
a: no special abilities


You were on level 3 of the Dungeon.
You visited 1 branch of the dungeon, and saw 3 of its levels.

You collected 2635 gold pieces.

Inventory:

Hand Weapons
 a - the +3 short sword of the Manifold Quests (weapon) {flame, rElec Int+5}
   (You found it on level 3 of the Dungeon)

   Int:       It affects your intelligence (+5).
   rElec:     It insulates you from electricity.
Missiles
 r - a throwing net {!d}
 s - 53 stones
 w - 5 poisoned darts
Jewellery
 b - a +6 ring of strength (left tentacle)
   (You found it on level 1 of the Dungeon)
 z - the ring of Xom's Wantonness (on tentacle) {Str+2 Dex+6 SInv}
   (You acquired it on level 3 of the Dungeon)

   [ring of dexterity]

   Str:       It affects your strength (+2).
   Dex:       It affects your dexterity (+6).
   SInv:      It lets you see invisible.
 C - a ring of protection from cold (right tentacle) {rC+, !d}
   (You found it on level 2 of the Dungeon)
Wands
 y - a wand of mindburst (13)
   (You found it on level 3 of the Dungeon)
Scrolls
 c - a scroll of brand weapon {unknown}
 e - a scroll of torment {unknown}
 f - 3 scrolls of amnesia {unknown}
 g - 3 scrolls of identify {unknown}
 h - 2 scrolls of noise {unknown}
 k - a scroll of teleportation {unknown}
 m - a scroll of immolation {unknown}
 n - a scroll of fog {unknown}
 o - 2 scrolls of enchant armour {unknown}
 p - a scroll of poison {unknown}
 v - a scroll of silence {unknown}
Potions
 d - a potion of mutation {unknown}
 i - a potion of attraction {unknown}
 j - 3 potions of curing {unknown}
 q - a potion of degeneration {unknown}
 t - a potion of lignification {unknown}
 u - a potion of ambrosia {unknown}
 x - a potion of berserk rage {unknown}
 M - a potion of magic


   Skills:
 + Level 1.7 Fighting
 + Level 2.7 Dodging
 - Level 2.6 Stealth
 + Level 3.7 Spellcasting
 + Level 1.5 Hexes
 + Level 5.3 Summonings


You had 3 spell levels left.
You knew the following spells:

 Your Spells              Type           Power      Damage    Failure   Level
a - Summon Small Mammal   Summ           100%       N/A       1%          1
b - Call Canine Familiar  Summ           30%        N/A       3%          3
c - Call Imp              Summ           30%        N/A       1%          2
d - Summon Guardian Gole  Hex/Summ       21%        N/A       8%          3

Your spell library contained the following spells:

 Spells                   Type           Power      Damage    Failure   Level
 Summon Lightning Spire   Summ/Air       17%        N/A       32%         4


Dungeon Overview and Level Annotations

Branches:
Dungeon (3/15)

Altars:
Okawaru

Shops:
D:2 ?


Innate Abilities, Weirdness & Mutations

You cannot wear most types of armour.
You are amphibious.
You can wear up to eight rings at the same time.
Your skin changes colour to match your surroundings (Stealth+).
Your rubbery body absorbs attacks. (AC +1, EV +1)
((You are camouflaged when in or above water. (Stealth+)))
You have tentacles for arms and can constrict up to eight enemies at once.


Message History

Your hound barely misses the gnoll.
A beastly little devil appears in a puff of flame.
The gnoll hits you from afar with a +0 spear.
You take 3 damage, and have 27/38 hp.
You now have 6/11 mp.
Your hound bites the gnoll.
The gnoll hits you with a +0 short sword.
The gnoll hits you from afar with a +0 spear.
Your hound barely misses the gnoll.
You take 10 damage, and have 17/38 hp.
MASSIVE DAMAGE!!
You now have 5/11 mp.
The gnoll barely misses your hound. The gnoll closely misses you.
Your hound bites the gnoll.
Your quokka bites the gnoll.
You swap places.
Your hound bites the gnoll.
The gnoll misses your quokka.
Your quokka barely misses the gnoll.
Your hound barely misses the gnoll.
Your crimson imp hits the gnoll.
The gnoll dies!
Something completely misses your hound.
Your hound closely misses the gnoll.
The gnoll hits your hound with a +0 spear.
The gnoll hits your crimson imp with a +0 spear.
Your hound bites the gnoll but does no damage.
Your crimson imp hits the gnoll.
Your hound barely misses the gnoll.
The gnoll barely misses your hound. The gnoll misses your crimson imp.
Your crimson imp hits the gnoll but does no damage.
Your hound closely misses the gnoll.
The gnoll hits your hound with a +0 spear.
The gnoll misses your crimson imp.
Your hound bites the gnoll.
Your quokka closely misses the gnoll.
Your crimson imp barely misses the gnoll.
Your hound bites the gnoll.
The gnoll closely misses your hound.
The gnoll barely misses your crimson imp.
Your quokka bites the gnoll.
Your crimson imp hits the gnoll.
Your hound bites the gnoll.
The gnoll dies!
Your quokka bites the gnoll.
Your hound bites the gnoll.
Your crimson imp hits the gnoll.
Your hound closely misses the gnoll.
Your quokka bites the gnoll.
The gnoll barely misses your hound.
Your crimson imp barely misses the gnoll.
Your hound bites the gnoll but does no damage.
Your quokka bites the gnoll.
The gnoll hits your quokka with a +0 spear!
Your quokka dies!
Your quokka's corpse disappears in a puff of smoke!
Your hound bites the gnoll but does no damage.
Your crimson imp hits the gnoll but does no damage.
Your hound bites the gnoll.
The gnoll misses your hound.
Your crimson imp hits the gnoll.
The gnoll dies!
Your crimson imp disappears in a puff of smoke!
g - 2 scrolls labelled KIASOIHUUP (gained 1)
Things that are here:
a +0 short sword; a +0 club
s - 37 stones (gained 4)
Things that are here:
a +0 short sword; a kobold corpse
There is an iron altar of Okawaru here.
v - a scroll labelled YJOHA WEPIOPS Health restored: 39; MP restored: 11 You swap places.
A giant cockroach comes into view.
A giant cockroach is nearby!
No target in view!
No target in view!
You swap places.
Found a steaming robe.
No target in view!
No target in view!
You swap places.
Your hound disappears in a puff of smoke!
s - 41 stones (gained 4)
You now have 113 gold pieces (gained 6).
g - 3 scrolls labelled KIASOIHUUP (gained 1)
You see here the +2 robe of Binutifa {rPois Dex+5}.
s - 46 stones (gained 5)
w - 5 poisoned darts
s - 53 stones (gained 7)
x - a glowing white potion
There is an escape hatch in the ceiling here.
Things that are here:
a +0 spear; a +0 flail Done exploring.
Done exploring.
Done exploring.
This is a scroll of acquirement!
Something appears before you!
You now have 1076 gold pieces (gained 963).
Something appears before you!
You now have 1788 gold pieces (gained 712).
Something appears before you!
z - the ring of Xom's Wantonness {Str+2 Dex+6 SInv} Something appears before you!
You now have 2635 gold pieces (gained 847).
You feel agile.
You feel stronger.
z - the ring of Xom's Wantonness (on tentacle) {Str+2 Dex+6 SInv}
Okay, then.
Unknown command.
Done exploring.

....>...#
........########
...............#
#######
........######.#
#.....## ........# ###
#...#..# ........#
#####_#...# ....##.##
#...#####.# ....##.#
##.#######.# ..).##.#
#.@#.# #.#
....##.##### #.##.#
#.#
....##.....####)##.#
#.#
....######..##.)...#
#.# ....## ##........#
#.##
.....#####...#.#######
#..#
..<.........#..#.....#
##.#
..###.#####...##.....#
#.#
...##.......)).......#
#.##


There were no monsters in sight!

Vanquished Creatures
  An orc wizard (D:3)
  An adder (D:3)
  3 gnolls
  2 ball pythons
  2 bats
  4 endoplasms
  2 hobgoblins
  3 jackals (D:1)
  A quokka (D:1)
  A frilled lizard (D:3)
  2 goblins
  2 kobolds
  A rat (D:1)
25 creatures vanquished.

Vanquished Creatures (collateral kills)
  A necrophage (D:2)
  6 gnolls
  An adder (D:2)
  An orc (D:3)
  A bat (D:2)
  2 endoplasms
  2 goblins
  2 hobgoblins
  A jackal (D:1)
  4 kobolds
  A quokka (D:1)
  4 ball pythons
  A frilled lizard (D:2)
  2 rats (D:3)
29 creatures vanquished.

Vanquished Creatures (others)
  An orc priest (D:3)
  2 orcs (D:3)
3 creatures vanquished.

Grand Total: 57 creatures vanquished

Notes
Turn   | Place    | Note
-------+----------+-------------------------------------------
     0 | D:1      | OTABOTABOTAB the Octopode Summoner began the quest for the
                  | Orb.
     0 | D:1      | Reached XP level 1. HP: 11/11 MP: 3/3
   245 | D:1      | Reached XP level 2. HP: 12/17 MP: 0/5
   338 | D:1      | Learned a level 2 spell: Call Imp
   981 | D:1      | Reached XP level 3. HP: 21/21 MP: 6/6
   985 | D:1      | Learned a level 3 spell: Call Canine Familiar
  1264 | D:2      | Found Doddoiw's Magic Scroll Shoppe.
  1366 | D:2      | Noticed a necrophage
  1420 | D:2      | Killed a necrophage
  1421 | D:2      | Reached skill level 3 in Spellcasting
  1421 | D:2      | Reached XP level 4. HP: 27/27 MP: 0/8
  1425 | D:2      | Learned a level 3 spell: Summon Guardian Golem
  1657 | D:2      | Reached skill level 5 in Summonings
  1816 | D:2      | Reached XP level 5. HP: 32/32 MP: 5/10
  2310 | D:3      | Found a faded altar of an unknown god.
  2471 | D:3      | Reached skill level 1 in Fighting
  2471 | D:3      | Reached skill level 1 in Hexes
  2567 | D:3      | Reached XP level 6. HP: 26/38 MP: 1/11
  2703 | D:3      | Identified the +3 short sword of the Manifold Quests
                  | {flame, rElec Int+5}
  2818 | D:3      | Found an iron altar of Okawaru.
  2996 | D:3      | Identified the +2 robe of Binutifa {rPois Dex+5}
  3118 | D:3      | Identified 4 scrolls of acquirement
  3118 | D:3      | Acquired 963 gold pieces
  3120 | D:3      | Acquired 712 gold pieces
  3122 | D:3      | Acquired the ring of Xom's Wantonness {Str+2 Dex+6 SInv}
  3124 | D:3      | Acquired 847 gold pieces
  3127 | D:3      | Quit the game

Illustrated notes

Levels and vault maps discovered:
D:1:      dpeg_arrival_boxes_within_box, layout_basic
D:2:      layout_loops_ring, serial_shops, shop, nicolae_kite_square_tiling_tiny
D:3:      layout_rooms, okawaru_metal_pillars_3, ebering_ecumenical_altar_rust

Skill      XL: |  1  2  3  4  5 |
---------------+----------------+-----
Spellcasting   | 3 |  3.7
Summonings     | 5 |  5.3
Fighting       | 1 |  1.7
Hexes          | 1 |  1.5
Dodging        | |  2.7
Stealth        | |  2.6

Action                     |  1- 3 |  4- 6 || total
---------------------------+-------+-------++-------
  Melee: Dagger            |    21 |    28 ||    49
         Constrict         |     8 |     9 ||    17
         Tentacles         |     6 |    11 ||    17
         Short sword       |       |     4 ||     4
   Cast: Summon Small Mamm |    20 |     8 ||    28
         Call Imp          |     6 |     9 ||    15
         Call Canine Famil |     4 |    12 ||    16
         Summon Guardian G |       |     1 ||     1
    Use: Scroll            |       |     4 ||     4
   Stab: Sleeping          |     3 |     1 ||     4
 Armour: Skin              |     2 |       ||     2
  Dodge: Dodged            |    15 |    31 ||    46

Table legend: (Time is in decaauts)
 A = Elapsed time spent in this place.
 B = Non-inter-level travel time spent in this place.
 C = Inter-level travel time spent in this place.
 D = Time resting spent in this place.
 E = Time spent auto-exploring this place.
 F = Levels seen in this place.
 G = Mean time per level.
                   A        B        C        D        E       F      G
               +--------+--------+--------+--------+--------+-----+--------+
         Total |   3125 |   3044 |     81 |     82 |   2428 |   3 | 1041.7 |
       Dungeon |   3125 |   3044 |     81 |     82 |   2428 |   3 | 1041.7 |
               +--------+--------+--------+--------+--------+-----+--------+

Top non-repeatable levels by time:
     D:1: 1131 daAuts
     D:2: 1117 daAuts
     D:3: 877 daAuts

Table legend:
 A = Kills in this place as a percentage of kills in entire the game.
 B = Kills by you in this place as a percentage of kills by you in the entire game.
 C = Kills by friends in this place as a percentage of kills by friends in the entire game.
 D = Other kills in this place as a percentage of other kills in the entire game.
 E = Experience gained in this place as a percentage of experience gained in the entire game.
 F = Experience gained in this place divided by the number of levels of this place that you have seen.
                   A       B       C       D       E      F
               +-------+-------+-------+-------+-------+----------------------
         Total | 100.0 | 100.0 | 100.0 | 100.0 | 100.0 | 129.7
       Dungeon | 100.0 | 100.0 | 100.0 | 100.0 | 100.0 | 129.7
               +-------+-------+-------+-------+-------+----------------------
